 Dungeon Sprint DCSS version 0.22-a0-373-gab1296c (webtiles) character file.

1113 emperorscorpion the Zephyrmancer (level 8, -3/41 HPs)
             Began as a Deep Elf Air Elementalist on Apr 25, 2018.
             Was an Elder of Sif Muna.
             Slain by a centaur warrior (5 damage)
             ... in the Dungeon (Sprint IX: "|||||||||||||||||||||||||||||").
             The game lasted 00:01:50 (448 turns).

emperorscorpion the Zephyrmancer (DEAE)              Turns: 448, Time: 00:01:52

Health: -3/41      AC:  4    Str:  8    XL:     8   Next: 12%
Magic:  0/24       EV: 16    Int: 25    God:    Sif Muna [****..]
Gold:   0          SH:  0    Dex: 16    Spells: 16/28 levels left

rFire    . . .     SeeInvis .   a - +2 rapier (venom)
rCold    . . .     Gourm    .   (no shield)
rNeg     . . .     Faith    .   s - +0 troll leather armour
rPois    .         Spirit   .   (no helmet)
rElec    .         Reflect  .   (no cloak)
rCorr    .         Harm     .   (no gloves)
MR       .....     NoTele   +   (no boots)
Stlth    ++++......             (no amulet)
HPRegen  0.53/turn              q - +3 ring of intelligence
MPRegen  0.19/turn              r - +3 ring of strength

@: no status effects
A: no striking features
a: Divine Energy, Channel Magic, Forget Spell, Renounce Religion


You were in the Dungeon.
You worshipped Sif Muna.
Sif Muna was greatly pleased with you.
You were not hungry.

You visited 1 branch

Inventory:

Hand Weapons
 a - a +2 rapier of venom (weapon)
Armour
 n - a +0 robe
 o - a +0 cloak
 p - a +0 pair of boots
 s - a +0 troll leather armour (worn)
Magical Staves
 b - an uncursed staff of energy
Jewellery
 q - a +3 ring of intelligence (left hand)
 r - a +3 ring of strength (right hand)
Wands
 l - a wand of acid (8)
Scrolls
 i - 2 scrolls of blinking
 j - 3 scrolls of remove curse
 k - 2 scrolls of amnesia
Potions
 d - 5 potions of curing
 e - 3 potions of heal wounds
 f - a potion of haste
 g - 4 potions of magic
 h - a potion of berserk rage
 m - a potion of invisibility
Comestibles
 c - a ration
 t - 7 chunks of flesh


   Skills:
 + Level 7.5 Dodging
 + Level 7.9 Stealth
 + Level 1.0 Unarmed Combat
 + Level 10.9 Spellcasting
 + Level 2.7 Conjurations
 + Level 12.9 Air Magic
 + Level 3.0 Evocations


You had 16 spell levels left.
You knew the following spells:

 Your Spells              Type           Power        Failure   Level  Hunger
a - Shock                 Conj/Air       ####         1%          1    None
b - Swiftness             Chrm/Air       #####...     1%          2    None
c - Airstrike             Air            ######....   1%          4    None
d - Lightning Bolt        Conj/Air       ######....   8%          5    ####...


Dungeon Overview and Level Annotations

Branches:
Dungeon (1/1)

Altars:
Cheibriados
Dithmenos
Elyvilon
Fedhas
Gozag
Hepliaklqana
Kikubaaqudgha
Makhleb
Nemelex Xobeh
Okawaru
Qazlal
Ru
Sif Muna
Trog
Uskayaw
Vehumet
Wu Jian
Xom
Yredelemnul
Zin
The Shining One
Beogh
Jiyva
Lugonu


Message History

Your Spellcasting skill increases to level 10!
Your Air Magic skill increases to level 12!
Your Evocations skill gained 2 levels and is now at level 3!
You have reached level 8!
You feel clever.
You feel a bit more experienced.
The bolt of lightning misses the tengu warrior.
The centaur warrior unwields an uncursed shortbow.
The centaur warrior hits you!
* * * LOW HITPOINT WARNING * * *
Unknown command.
Casting: Lightning Bolt (safe; 8% risk of failure)
Confirm with . or Enter, or press ? or * to list all spells.
Aiming: Lightning Bolt (safe; 8% risk of failure)
Press: ? - help, Shift-Dir - straight line, f/p - centaur warrior
Aim: a centaur warrior (almost dead)
You miscast Lightning Bolt.
Sif Muna protects you from the effects of your miscast!
The centaur warrior hits you.
You die... ▓▓▓▓▓▓▓▓▓▓▓▓▓▓▓▓▓▓▓▓▓▓▓▓ ..yQ†.c@.†..('..[..)...' ▓▓▓▓▓▓▓▓▓▓▓▓▓▓▓▓▓▓▓▓▓▓▓▓

You could see a tengu warrior, a centaur warrior and a killer bee.

Vanquished Creatures
  An unseen horror (D)
  A troll (D)
  A black bear (D)
  An ogre (D)
  A big kobold (D)
  A crimson imp (D)
  2 jellies (D)
  An iguana (D)
  A worker ant (D)
  2 shadow imps (D)
  An adder zombie (D)
  2 goblins (D)
  A hobgoblin (D)
  A kobold (D)
  A frilled lizard (D)
  A rat (D)
19 creatures vanquished.

Notes
Turn   | Place    | Note
-------+----------+-------------------------------------------
     0 | D        | emperorscorpion the Deep Elf Air Elementalist began the quest for the Orb.
     0 | D        | Reached XP level 1. HP: 10/10 MP: 6/6
     7 | D        | Reached skill level 4 in Air Magic
   172 | D        | Noticed a jelly
   172 | D        | Noticed a jelly
   175 | D        | Reached XP level 2. HP: 15/15 MP: 3/8
   176 | D        | Reached skill level 5 in Air Magic
   176 | D        | Reached XP level 3. HP: 6/19 MP: 2/11
   178 | D        | Reached skill level 5 in Spellcasting
   178 | D        | Reached skill level 6 in Air Magic
   178 | D        | Reached XP level 4. HP: 8/24 MP: 0/13
   190 | D        | Found a roughly hewn altar of Beogh.
   190 | D        | Found a snail-covered altar of Cheibriados.
   190 | D        | Found a shadowy altar of Dithmenos.
   190 | D        | Found a white marble altar of Elyvilon.
   190 | D        | Found a blossoming altar of Fedhas.
   190 | D        | Found an opulent altar of Gozag.
   191 | D        | Found a hazy altar of Hepliaklqana.
   192 | D        | Found a viscous altar of Jiyva.
   193 | D        | Found an ancient bone altar of Kikubaaqudgha.
   194 | D        | Found a corrupted altar of Lugonu.
   195 | D        | Found a burning altar of Makhleb.
   196 | D        | Found a sparkling altar of Nemelex Xobeh.
   197 | D        | Found an iron altar of Okawaru.
   198 | D        | Found a stormy altar of Qazlal.
   199 | D        | Found a sacrificial altar of Ru.
   200 | D        | Found a deep blue altar of Sif Muna.
   201 | D        | Found a bloodstained altar of Trog.
   202 | D        | Found a hide-covered altar of Uskayaw.
   203 | D        | Found a radiant altar of Vehumet.
   204 | D        | Found an ornate altar of the Wu Jian Council.
   205 | D        | Found a shimmering altar of Xom.
   206 | D        | Found a basalt altar of Yredelemnul.
   207 | D        | Found a glowing silver altar of Zin.
   208 | D        | Became a worshipper of Sif Muna the Loreminder
   212 | D        | Learned a level 2 spell: Swiftness
   217 | D        | Learned a level 4 spell: Airstrike
   217 | D        | Found a glowing golden altar of the Shining One.
   382 | D        | Noticed a big kobold
   382 | D        | Noticed a troll
   386 | D        | Reached skill level 7 in Air Magic
   387 | D        | Reached * piety under Sif Muna
   387 | D        | Reached skill level 8 in Air Magic
   387 | D        | Reached XP level 5. HP: 14/28 MP: 9/15
   388 | D        | Reached skill level 5 in Dodging
   388 | D        | Reached skill level 5 in Stealth
   388 | D        | Reached skill level 9 in Air Magic
   389 | D        | Reached ** piety under Sif Muna
   391 | D        | Killed a troll
   391 | D        | Reached *** piety under Sif Muna
   391 | D        | Reached skill level 11 in Air Magic
   391 | D        | Reached XP level 6. HP: 3/32 MP: 2/20
   417 | D        | Learned a level 5 spell: Lightning Bolt
   444 | D        | Noticed a tengu warrior
   444 | D        | Noticed a centaur warrior
   445 | D        | Reached skill level 1 in Evocations
   445 | D        | Reached XP level 7. HP: 27/36 MP: 15/21
   447 | D        | Killed an unseen horror
   447 | D        | Reached **** piety under Sif Muna
   447 | D        | Reached skill level 1 in Unarmed Combat
   447 | D        | Reached skill level 10 in Spellcasting
   447 | D        | Reached skill level 12 in Air Magic
   447 | D        | Reached XP level 8. HP: 8/41 MP: 5/24
   447 | D        | HP: 1/41 [centaur warrior (7)]
   448 | D        | Slain by a centaur warrior

Vault maps used:
D:        linesprint

Skill      XL: |  1  2  3  4  5  6  7 |
---------------+----------------------+-----
Stealth        | 3 4 6 7 |  7.9
Air Magic      | 4 5 6 8 11 12 | 12.9
Dodging        | 3 4 6 7 |  7.5
Spellcasting   | 4 5 6 9 10 | 10.9
Conjurations   | 2 |  2.7
Evocations     | 1 3 |  3.0
Unarmed Combat | 1 |  1.0

Action                   |  1- 3 |  4- 6 |  7- 9 || total
-------------------------+-------+-------+-------++-------
Melee: Unarmed           |       |     4 |       ||     4
 Cast: Shock             |     8 |     6 |       ||    14
       Airstrike         |       |     2 |       ||     2
       Lightning Bolt    |       |       |     3 ||     3
Evoke: Wand              |       |     2 |       ||     2
       Staff of energy   |       |     6 |       ||     6
Armor: Robe              |     1 |       |       ||     1
Dodge: Dodged            |     2 |    10 |     1 ||    13

Table legend:
 A = Spawn XP
 B = Non-spawn XP
 C = Spawn XP percentage of total XP
 D = Spawn monster count
 E = Non-spawn monster count
 F = Spawn count percentage of total count
 G = Total turns spent on level
                    A         B        C        D         E        F      G
               +---------+---------+-------+---------+---------+-------+---------
         Total |       0 |    1591 |   0.0 |       0 |      19 |   0.0 |   448
               +---------+---------+-------+---------+---------+-------+---------
             D |       0 |    1591 |   0.0 |       0 |      19 |   0.0 |   448
               +---------+---------+-------+---------+---------+-------+---------
